 Dungeon Sprint DCSS version 0.30.1-3-gfc49f6343a (webtiles) character file.

Game seed: 13683661827473796607

835 Groucho the Spear-Bearer (level 7, -9/64 HPs)
             Began as a Gnoll Cinder Acolyte on July 23, 2023.
             Was a High Priest of Ignis.
             Mangled by a seven-headed hydra (12 damage)
             ... in the Dungeon (Sprint IX: "|||||||||||||||||||||||||||||").
             The game lasted 00:02:45 (469 turns).

Groucho the Spear-Bearer (Gnoll Cinder Acolyte)      Turns: 469, Time: 00:02:45

Health: -9/64      AC: 18    Str: 15    XL:     7   Next: 99%
Magic:  17/17      EV: 11    Int: 13    God:    Ignis [*****.]
Gold:   0          SH:  0    Dex: 11    Spells: 19/19 levels left

rFire   + . .        l - +2 morningstar (heavy)
rCold   . . .        (no shield)
rNeg    . . .        o - +1 scale mail
rPois   .            (no helmet)
rElec   .            (no cloak)
rCorr   .            a - +0 pair of gloves
SInv    .            (no boots)
Will    .....        (no amulet)
Stlth   ++           p - +2 ring of protection
HPRegen 0.30/turn    q - +3 ring of dexterity
MPRegen 0.15/turn

%: no teleportation
@: lethally poisoned (-9 -> -15), fiery-armoured
A: fangs 1, strong nose, distributed training
a: Renounce Religion, Fiery Armour, Foxfire Swarm, Rising Flame


You were in the Dungeon.
You worshipped Ignis.
Ignis was extremely pleased with you.
You visited 1 branch

Inventory:

Hand Weapons
 g - a +0 shortbow
 k - a +2 halberd of protection
 l - a +2 heavy morningstar (weapon)
 m - a +4 quarterstaff of speed
 n - a +2 scimitar of flaming
Armour
 a - a +0 pair of gloves (worn)
 b - a +0 robe
 o - a +1 scale mail (worn)
Jewellery
 p - a +2 ring of protection (left hand)
 q - a +3 ring of dexterity (right hand)
Wands
 j - a wand of quicksilver (10)
Scrolls
 h - 2 scrolls of blinking
 i - 2 scrolls of amnesia
Potions
 c - 4 potions of curing
 d - 2 potions of heal wounds
 e - a potion of haste
 f - 4 potions of magic


   Skills:
 + Level 9.1 Fighting
 + Level 6.2 Short Blades
 + Level 6.2 Long Blades
 + Level 6.2 Axes
 + Level 6.2 Maces & Flails
 + Level 9.1 Polearms
 + Level 6.2 Staves
 + Level 6.2 Ranged Weapons
 + Level 6.2 Throwing
 + Level 6.2 Armour
 + Level 6.2 Dodging
 + Level 6.2 Stealth
 + Level 6.2 Shields
 + Level 6.2 Unarmed Combat
 + Level 6.9 Spellcasting
 + Level 5.1 Conjurations
 + Level 5.1 Hexes
 + Level 5.1 Summonings
 + Level 5.1 Necromancy
 + Level 5.1 Translocations
 + Level 5.1 Transmutations
 + Level 7.6 Fire Magic
 + Level 5.1 Ice Magic
 + Level 5.1 Air Magic
 + Level 5.1 Earth Magic
 + Level 5.1 Poison Magic
 + Level 6.8 Invocations
 + Level 6.2 Evocations


You had 19 spell levels left.
You didn't know any spells.
Your spell library contained the following spells:

 Spells                   Type           Power      Damage    Failure   Level
 Scorch                   Fire           48%        2d7       3%          2


Dungeon Overview and Level Annotations

Branches:
Dungeon (1/1)

Altars:
Cheibriados
Dithmenos
Elyvilon
Fedhas
Gozag
Hepliaklqana
Kikubaaqudgha
Makhleb
Nemelex Xobeh
Okawaru
Qazlal
Ru
Sif Muna
Trog
Uskayaw
Vehumet
Wu Jian
Xom
Yredelemnul
Zin
The Shining One
Jiyva
Lugonu


Innate Abilities, Weirdness & Mutations

You have very sharp teeth.
Your uncanny sense of smell can sniff out nearby items.
Your experience applies equally to all skills.


Message History

The queen bee is burned by your cloak of flames.
The queen bee is moderately wounded.
The boulder beetle stops rolling and uncurls.
You hit the queen bee but do no damage.
The queen bee is moderately wounded.
You feel very sick. The queen bee stings you!
You feel better.
The queen bee stings you but does no damage.
You feel much better. The queen bee stings you.
You are poisoned.
The queen bee poisons you!
The queen bee is burned by your cloak of flames.
The queen bee is heavily wounded.
Your +2 halberd of protection goes still.
l - a +2 heavy morningstar (weapon)
You feel very sick. The queen bee stings you!
You are too injured to fight recklessly!
Unknown command.
You barely miss the queen bee.
The queen bee is heavily wounded.
You feel very sick.
The meliai calls down the wrath of its god upon you.
Something smites you!
* * * LOW HITPOINT WARNING * * *
The meliai calls down the wrath of its god upon you.
Something smites you!
* * * LOW HITPOINT WARNING * * *
The queen bee barely misses you.
The boulder beetle waves its antennae.
You barely miss the seven-headed hydra.
* * * LOW HITPOINT WARNING * * *
You feel very sick.
The seven-headed hydra barely misses you.
The seven-headed hydra bites you but does no damage.
The seven-headed hydra is burned by your cloak of flames.
The seven-headed hydra is lightly wounded.
The seven-headed hydra bites you!
You die...

▓▓▓▓▓▓▓▓▓▓▓▓▓▓▓▓▓▓▓▓▓▓▓▓
'..)..[...))....@DyylCB.
▓▓▓▓▓▓▓▓▓▓▓▓▓▓▓▓▓▓▓▓▓▓▓▓
∆∆∆∆ ∆ ∆∆∆∆


You could see a boulder beetle, a seven-headed hydra, a cyclops, a queen bee
shaped shifter, a basilisk and a meliai.

Vanquished Creatures
  An unseen horror (D)
  A shadow (D)
  A yak (D)
  An orc warrior (D)
  2 centaurs (D)
  A hound (D)
  An adder (D)
  A shadow imp (D)
  A white imp (D)
  2 dart slugs (D)
  An endoplasm (D)
  A goblin (D)
  A jackal (D)
  A bat (D)
16 creatures vanquished.

Notes
Turn   | Place    | Note
-------+----------+-------------------------------------------
     0 | D        | Groucho the Gnoll Cinder Acolyte began the quest for the
                  | Orb.
     0 | D        | Reached XP level 1. HP: 23/23 MP: 4/4
     9 | D        | Reached skill level 1 in Invocations
    16 | D        | Reached skill level 1 in Short Blades
    16 | D        | Reached skill level 1 in Long Blades
    16 | D        | Reached skill level 1 in Axes
    16 | D        | Reached skill level 1 in Maces & Flails
    16 | D        | Reached skill level 1 in Staves
    16 | D        | Reached skill level 1 in Ranged Weapons
    16 | D        | Reached skill level 1 in Throwing
    16 | D        | Reached skill level 1 in Armour
    16 | D        | Reached skill level 1 in Dodging
    16 | D        | Reached skill level 1 in Stealth
    16 | D        | Reached skill level 1 in Shields
    16 | D        | Reached skill level 1 in Unarmed Combat
    16 | D        | Reached skill level 1 in Evocations
    17 | D        | Reached XP level 2. HP: 25/29 MP: 6/6
    26 | D        | Reached skill level 1 in Conjurations
    26 | D        | Reached skill level 1 in Hexes
    26 | D        | Reached skill level 1 in Summonings
    26 | D        | Reached skill level 1 in Necromancy
    26 | D        | Reached skill level 1 in Translocations
    26 | D        | Reached skill level 1 in Transmutations
    26 | D        | Reached skill level 1 in Ice Magic
    26 | D        | Reached skill level 1 in Air Magic
    26 | D        | Reached skill level 1 in Earth Magic
    26 | D        | Reached skill level 1 in Poison Magic
    31 | D        | Reached XP level 3. HP: 35/35 MP: 7/7
    36 | D        | Reached XP level 4. HP: 43/43 MP: 7/9
    52 | D        | Found a snail-covered altar of Cheibriados.
    52 | D        | Found a shadowy altar of Dithmenos.
    52 | D        | Found a white marble altar of Elyvilon.
    52 | D        | Found a blossoming altar of Fedhas.
    52 | D        | Found an opulent altar of Gozag.
    53 | D        | Found a hazy altar of Hepliaklqana.
    54 | D        | Found a viscous altar of Jiyva.
    55 | D        | Found an ancient bone altar of Kikubaaqudgha.
    56 | D        | Found a corrupted altar of Lugonu.
    57 | D        | Found a burning altar of Makhleb.
    58 | D        | Found a sparkling altar of Nemelex Xobeh.
    59 | D        | Found an iron altar of Okawaru.
    60 | D        | Found a stormy altar of Qazlal.
    61 | D        | Found a sacrificial altar of Ru.
    62 | D        | Found a shimmering blue altar of Sif Muna.
    63 | D        | Found a bloodstained altar of Trog.
    64 | D        | Found a hide-covered altar of Uskayaw.
    65 | D        | Found a radiant altar of Vehumet.
    66 | D        | Found an ornate altar of the Wu Jian Council.
    67 | D        | Found a shimmering altar of Xom.
    68 | D        | Found a basalt altar of Yredelemnul.
    69 | D        | Found a glowing silver altar of Zin.
    70 | D        | Found a glowing golden altar of the Shining One.
   117 | D        | Noticed a yak
   117 | D        | Noticed a centaur
   117 | D        | Noticed a centaur
   117 | D        | Noticed an orc warrior
   117 | D        | Noticed a shadow
   126 | D        | Killed a yak
   127 | D        | Reached XP level 5. HP: 32/49 MP: 10/12
   128 | D        | Killed a centaur
   129 | D        | Reached skill level 5 in Spellcasting
   129 | D        | Reached XP level 6. HP: 32/56 MP: 10/13
   134 | D        | Reached skill level 5 in Invocations
   139 | D        | Killed an unseen horror
   140 | D        | Reached skill level 5 in Short Blades
   140 | D        | Reached skill level 5 in Long Blades
   140 | D        | Reached skill level 5 in Axes
   140 | D        | Reached skill level 5 in Maces & Flails
   140 | D        | Reached skill level 5 in Staves
   140 | D        | Reached skill level 5 in Ranged Weapons
   140 | D        | Reached skill level 5 in Throwing
   140 | D        | Reached skill level 5 in Armour
   140 | D        | Reached skill level 5 in Dodging
   140 | D        | Reached skill level 5 in Stealth
   140 | D        | Reached skill level 5 in Shields
   140 | D        | Reached skill level 5 in Unarmed Combat
   140 | D        | Reached skill level 5 in Evocations
   140 | D        | Reached XP level 7. HP: 28/63 MP: 12/16
   149 | D        | Killed a shadow
   150 | D        | Reached skill level 5 in Conjurations
   150 | D        | Reached skill level 5 in Hexes
   150 | D        | Reached skill level 5 in Summonings
   150 | D        | Reached skill level 5 in Necromancy
   150 | D        | Reached skill level 5 in Translocations
   150 | D        | Reached skill level 5 in Transmutations
   150 | D        | Reached skill level 5 in Ice Magic
   150 | D        | Reached skill level 5 in Air Magic
   150 | D        | Reached skill level 5 in Earth Magic
   150 | D        | Reached skill level 5 in Poison Magic
   458 | D        | Noticed a hornet
   458 | D        | Noticed a meliai
   458 | D        | Noticed a basilisk
   458 | D        | Noticed a seven-headed hydra
   458 | D        | Noticed a boulder beetle
   458 | D        | Noticed a cyclops
   459 | D        | a hornet changed into a queen bee
   459 | D        | Noticed a queen bee (shapeshifter)
   469 | D        | HP: 3/64 [poisoned by a queen bee]
   469 | D        | Mangled by a seven-headed hydra

Illustrated notes

Levels and vault maps discovered:
D:        linesprint [early_d, line_temple, items_1, d_10, items_2, lair_1,
          lair_end, items_3, orc_1, orc_end, items_4, d_15, swamp_1, shoals_1,
          snake_1, spider_1, d_20, vaults_1, items_5, swamp_end, shoals_end,
          snake_end, spider_end, vaults_end, d_27, items_6, zot_1, zot_end,
          crypt_end, forest_end, elf_end, slime_end, tomb_end, abyss_end,
          pan_hell_end]

Skill      XL: |  1  2  3  4  5  6  7 |
---------------+----------------------+-----
Invocations    | 1 2 4 6 |  6.8
Short Blades   | 1 2 3 4 5 6 |  6.2
Long Blades    | 1 2 3 4 5 6 |  6.2
Axes           | 1 2 3 4 5 6 |  6.2
Maces & Flails | 1 2 3 4 5 6 |  6.2
Staves         | 1 2 3 4 5 6 |  6.2
Ranged Weapons | 1 2 3 4 5 6 |  6.2
Throwing       | 1 2 3 4 5 6 |  6.2
Armour         | 1 2 3 4 5 6 |  6.2
Dodging        | 1 2 3 4 5 6 |  6.2
Stealth        | 1 2 3 4 5 6 |  6.2
Shields        | 1 2 3 4 5 6 |  6.2
Unarmed Combat | 1 2 3 4 5 6 |  6.2
Evocations     | 1 2 3 4 5 6 |  6.2
Spellcasting   | 3 4 5 6 |  6.9
Conjurations   | 1 2 3 4 5 |  5.1
Hexes          | 1 2 3 4 5 |  5.1
Summonings     | 1 2 3 4 5 |  5.1
Necromancy     | 1 2 3 4 5 |  5.1
Translocations | 1 2 3 4 5 |  5.1
Transmutations | 1 2 3 4 5 |  5.1
Ice Magic      | 1 2 3 4 5 |  5.1
Air Magic      | 1 2 3 4 5 |  5.1
Earth Magic    | 1 2 3 4 5 |  5.1
Poison Magic   | 1 2 3 4 5 |  5.1
Fighting       | 7 8 9 |  9.1
Polearms       | 7 8 9 |  9.1
Fire Magic     | 6 7 |  7.6

Action                     |  1- 3 |  4- 6 |  7- 9 || total
---------------------------+-------+-------+-------++-------
  Melee: Spear             |    24 |       |       ||    24
         Bite              |     1 |     5 |       ||     6
         Halberd           |       |    21 |    15 ||    36
         Morningstar       |       |       |     2 ||     2
 Invoke: Fiery Armour      |       |     1 |     1 ||     2
    Use: Potion            |     1 |     1 |     2 ||     4
   Stab: Invisible         |       |     4 |     1 ||     5
 Armour: Robe              |     3 |       |       ||     3
         Scale mail        |       |    19 |     8 ||    27
  Dodge: Dodged            |     4 |     5 |     5 ||    14
